Map: [ESL] Inside and Out

Players

Serral - Winner!

  • Race: Zerg Zerg
  • Spawn Location: 1:00

ShoWTimE

  • Race: Protoss Protoss
  • Spawn Location: 7:00

Event: DreamHack SC2 Masters 2022 Atlanta (Online)

VOD

Have the link to the VOD?

Description

Time

  • Played on: Sept. 30, 2022, 2:03 p.m.
  • Length: 25:16

All games in this series

Show
View Real Time Build Order
Export as new Build Order

Serral Zerg - Winner!

Build Orders: Hatch First, Brood Lord Corruptor, Lurkers 

Get SALT Encoding   

  12  0:00  Drone  
  13  0:11  Overlord  
  13  0:16  Drone  
  14  0:30  Drone x2  
  16  0:47  Hatchery  
  15  0:50  Drone  
  15  0:54  Drone  
  17  0:57  Drone  
  18  1:08  Extractor  
  17  1:13  Spawning Pool  
  17  1:16  Drone  
  17  1:19  Drone  
  18  1:28  Drone  
  19  1:38  Drone  
  20  1:49  Overlord  
  20  1:59  Queen  
  20  2:00  Zergling x2, Queen  
  20  2:01  Zergling x2  
  26  2:09  Drone  
  26  2:10  Drone  
  26  2:12  Metabolic Boost  
  28  2:20  Drone x2  
  30  2:38  Hatchery  
  30  2:40  Queen  
  30  2:42  Drone  
  31  2:45  Drone  
  31  2:48  Overlord  
  32  2:51  Zergling x2  
  32  2:53  Drone  
  32  2:57  Drone  
  35  3:03  Overlord  
  35  3:06  Zergling x2  
  35  3:11  Drone x3  
  39  3:15  Drone x2  
  39  3:19  Queen  
  41  3:26  Drone x2  
  44  3:33  Queen  
  46  3:36  Zergling x2  
  46  3:37  Drone  
  47  3:46  Overlord  
  47  3:47  Zergling x2  
  48  3:48  Drone x2  
  48  3:49  Drone  
  48  3:52  Zergling x4  
  52  3:56  Spore Crawler, Queen  
  52  3:58  Spore Crawler  
  52  3:59  Drone  
  52  4:02  Drone  
  54  4:03  Drone  
  54  4:07  Zergling x2  
  56  4:13  Zergling x2  
  56  4:14  Drone x3  
  60  4:17  Drone x3  
  60  4:22  Overlord x2  
  63  4:26  Overlord  
  63  4:30  Overlord  
  63  4:31  Drone  
  64  4:41  Drone x3  
  64  4:44  Drone  
  69  4:45  Drone  
  69  4:49  Drone  
  69  4:51  Drone x3  
  69  4:52  Roach Warren  
  72  4:54  Drone x3  
  72  4:58  Lair  
  75  5:01  Drone x5, Extractor  
  75  5:05  Overlord  
  79  5:12  Hatchery  
  79  5:14  Drone x2  
  78  5:16  Drone  
  78  5:18  Extractor  
  78  5:19  Extractor  
  78  5:20  Drone x2  
  80  5:21  Drone  
  80  5:22  Evolution Chamber  
  80  5:27  Drone  
  80  5:28  Drone x4  
  82  5:36  Drone x5  
  82  5:39  Drone  
  86  5:43  Queen, Extractor  
  86  5:44  Drone, Extractor  
  86  5:47  Spore Crawler  
  86  5:50  Drone x5  
  86  5:52  Drone x2  
  86  5:54  Drone  
  86  5:57  Drone  
  91  5:58  Drone  
  91  6:01  Glial Reconstitution  
  91  6:03  Zerg Missile Weapons Level 1  
  91  6:04  Drone  
  92  6:08  Zergling x2  
  92  6:09  Drone  
  94  6:15  Drone x3  
  94  6:16  Drone  
  96  6:21  Infestation Pit, Drone  
  96  6:22  Drone x2  
  96  6:23  Baneling Nest  
  96  6:25  Drone x4  
  100  6:34  Drone  
  100  6:35  Drone x3  
  100  6:38  Overlord  
  100  6:39  Roach x2  
  108  6:40  Spire  
  108  6:43  Spore Crawler, Roach  
  108  6:44  Roach, Extractor  
  109  6:47  Overseer  
  109  6:51  Roach  
  110  6:56  Overlord  
  110  7:00  Drone x4  
  110  7:01  Drone x3  
  116  7:02  Drone  
  116  7:03  Extractor  
  116  7:05  Overlord  
  116  7:07  Drone  
  116  7:08  Centrifugal Hooks  
  117  7:09  Roach  
  117  7:10  Overlord x3, Evolution Chamber  
  117  7:14  Hive  
  120  7:23  Roach x5  
  120  7:25  Overlord  
  120  7:26  Pneumatized Carapace  
  128  7:30  Roach x4  
  128  7:36  Zerg Melee Weapons Level 1  
  136  7:37  Zergling x4, Roach x3  
  136  7:38  Zergling x2  
  145  7:44  Drone  
  145  7:48  Overlord x2  
  146  7:53  Hatchery  
  145  8:03  Roach x4  
  153  8:11  Zerg Missile Weapons Level 2  
  153  8:12  Zergling x22  
  164  8:14  Overlord x5  
  164  8:23  Roach  
  164  8:24  Roach x3  
  171  8:27  Overlord  
  171  8:29  Greater Spire, Adrenal Glands  
  171  8:30  Viper  
  171  8:31  Viper  
  171  8:32  Viper  
  181  8:41  Roach x3  
  181  8:43  Zergling x2  
  181  8:44  Zergling x18  
  181  8:48  Overseer  
  195  8:52  Ravager x3  
  195  8:53  Ravager x2  
  200  8:56  Spine Crawler x2  
  200  8:59  Baneling x15  
  198  9:05  Spore Crawler  
  198  9:08  Drone x3  
  200  9:15  Baneling x9  
  200  9:16  Baneling x5  
  200  9:31  Zerg Melee Weapons Level 2  
  200  9:38  Spine Crawler  
  199  9:39  Spine Crawler  
  195  9:59  Zergling x2, Roach x9  
  181  10:00  Zergling x24  
  172  10:07  Zergling x28, Roach x5  
  172  10:12  Zergling x14  
  171  10:15  Zerg Flyer Weapons Level 1  
  171  10:28  Corruptor x7  
  171  10:30  Corruptor  
  171  10:31  Extractor  
  171  10:32  Extractor  
  185  10:45  Hydralisk Den  
  169  10:59  Brood Lord  
  169  11:00  Brood Lord x4  
  179  11:04  Brood Lord  
  179  11:08  Overlord  
  183  11:11  Brood Lord  
  183  11:16  Brood Lord  
  183  11:17  Zergling x16  
  193  11:19  Burrow  
  193  11:21  Drone x3  
  196  11:29  Lurker Den  
  195  11:49  Overseer  
  193  11:57  Hydralisk  
  193  11:58  Hydralisk x2  
  193  11:59  Spine Crawler x3  
  196  12:04  Grooved Spines  
  193  12:26  Hydralisk x3  
  193  12:27  Seismic Spines  
  197  12:35  Lurker  
  197  12:36  Lurker  
  194  12:44  Zergling x8, Hatchery  
  190  12:53  Zerg Ground Armor Level 1, Zerg Melee Weapons Level 3  
  190  12:57  Zergling x16  
  193  13:00  Hydralisk x6  
  198  13:15  Muscular Augments  
  198  13:24  Adaptive Talons  
  198  13:25  Hatchery  
  197  13:29  Lurker x2  
  197  13:33  Zerg Flyer Armor Level 1  
  199  13:35  Overseer  
  199  13:39  Pathogen Glands  
  199  13:55  Spore Crawler x4  
  196  13:57  Spore Crawler  
  196  14:01  Spore Crawler x2  
  196  14:02  Infestor x3  
  198  14:36  Corruptor, Hatchery, Neural Parasite  
  198  14:38  Overseer  
  196  14:55  Corruptor x3  
  196  15:06  Corruptor x2  
  195  15:14  Spore Crawler  
  195  15:19  Corruptor x2  
  198  15:26  Zerg Flyer Weapons Level 2  
  197  15:42  Infestor x2  
  199  16:11  Spore Crawler x3  
  196  16:13  Corruptor x2  
  188  16:19  Spore Crawler, Corruptor x7  
  188  16:20  Spore Crawler  
  188  16:21  Spore Crawler  
  199  16:28  Infestor x2  
  200  16:35  Overlord  
  200  16:39  Lurker x4  
  200  16:48  Zerg Ground Armor Level 2  
  200  16:58  Spore Crawler x2  
  200  17:00  Hatchery  
  197  17:06  Corruptor  
  199  17:14  Overseer  
  196  17:33  Spore Crawler  
  196  17:35  Corruptor x4, Spore Crawler  
  199  17:38  Spore Crawler  
  199  17:42  Zerg Flyer Armor Level 2  
  196  17:48  Corruptor x6  
  196  17:49  Corruptor  
  174  18:02  Corruptor x12  
  186  18:07  Corruptor  
  186  18:09  Queen x5  
  190  18:16  Corruptor  
  184  18:21  Zergling x8  
  185  18:31  Zergling x2  
  185  18:32  Zergling x8  
  190  18:36  Viper x2  
  190  18:40  Viper  
  199  19:22  Overseer  
  199  19:36  Hatchery  
  199  19:37  Infestor  
  200  19:42  Drone  
  200  19:44  Spore Crawler  
  199  19:46  Spore Crawler  
  199  19:47  Spore Crawler  
  197  19:55  Spore Crawler, Infestor, Hatchery x2  
  197  19:56  Spore Crawler, Infestor x2  
  197  19:57  Spore Crawler x2  
  195  20:08  Infestor x2  
  199  20:19  Zerg Flyer Armor Level 3  
  198  21:16  Brood Lord  
  200  21:28  Spore Crawler  
  200  21:29  Spore Crawler x4  
  200  21:30  Spore Crawler  
  200  21:31  Spore Crawler x2, Hydralisk  
  200  21:32  Spore Crawler x2  
  194  21:34  Brood Lord  
  194  21:35  Infestor x2  
  199  21:53  Hydralisk  
  198  22:11  Zergling x2  
  199  22:33  Drone x6  
  199  22:34  Zergling x2  
  195  22:40  Zergling x16  
  198  22:49  Hatchery  
  197  22:58  Zergling x6  
  199  23:23  Zergling x4  
  199  23:26  Extractor  
  196  23:28  Extractor  
  191  23:35  Zergling x18  
  194  23:51  Lurker x2  
  196  23:59  Lair  
  196  24:00  Zergling x4  
  187  24:39  Zergling x10  
  187  24:40  Zergling x14  
Show
View Real Time Build Order
Export as new Build Order

ShoWTimE Protoss 

Build Orders: 1 Gate Expand, Oracle Opening, Carriers 

Get SALT Encoding   

  12  0:00  Probe  
  13  0:12  Probe  
  14  0:17  Pylon  
  14  0:24  Probe (Chrono Boost)  
  15  0:36  Probe (Chrono Boost)  
  15  0:37  Gateway  
  16  0:44  Probe (Chrono Boost)  
  16  0:45  Assimilator  
  17  0:51  Probe  
  18  1:03  Probe  
  19  1:15  Probe  
  20  1:22  Nexus  
  20  1:33  Cybernetics Core  
  20  1:35  Probe  
  21  1:40  Assimilator  
  21  1:47  Probe  
  21  1:49  Pylon  
  22  1:59  Probe  
  23  2:06  Adept (Chrono Boost)  
  23  2:11  Probe  
  26  2:18  Stargate  
  26  2:24  Probe (Chrono Boost)  
  26  2:26  Adept (Chrono Boost)  
  29  2:34  Warp Gate, Probe (Chrono Boost)  
  31  2:41  Probe (Chrono Boost)  
  32  2:44  Probe (Chrono Boost)  
  32  2:48  Probe (Chrono Boost)  
  32  2:49  Adept, Probe (Chrono Boost)  
  36  2:57  Pylon  
  36  3:00  Probe  
  36  3:01  Oracle (Chrono Boost), Probe  
  41  3:12  Probe  
  42  3:13  Probe  
  42  3:19  Adept  
  45  3:24  Probe  
  45  3:25  Probe  
  47  3:34  Oracle (Chrono Boost), Gateway  
  47  3:36  Probe  
  47  3:37  Probe  
  52  3:48  Probe, Pylon  
  53  3:49  Probe  
  54  3:55  Nexus  
  54  4:06  Probe x2  
  54  4:07  Pylon  
  54  4:09  Oracle (Chrono Boost)  
  57  4:18  Probe x2  
  57  4:21  Assimilator  
  57  4:23  Adept  
  59  4:27  Assimilator  
  59  4:30  Probe x2  
  61  4:34  Adept  
  63  4:40  Forge  
  63  4:41  Oracle (Chrono Boost), Pylon  
  63  4:42  Probe x2  
  68  4:50  Adept  
  70  4:57  Robotics Facility  
  70  4:59  Probe x2  
  72  5:05  Shield Battery  
  72  5:08  Probe (Chrono Boost)  
  72  5:12  Probe x2 (Chrono Boost)  
  75  5:15  Adept x2  
  75  5:17  Protoss Ground Weapons Level 1 (Chrono Boost)  
  75  5:20  Probe (Chrono Boost)  
  83  5:28  Probe x2 (Chrono Boost)  
  83  5:29  Probe (Chrono Boost)  
  83  5:34  Probe  
  83  5:35  Probe x2  
  81  5:37  Sentry  
  81  5:38  Sentry  
  82  5:44  Photon Cannon, Assimilator  
  82  5:45  Assimilator  
  82  5:46  Probe  
  82  5:47  Probe x2  
  82  5:49  Observer (Chrono Boost)  
  84  5:58  Probe  
  84  5:59  Probe x2  
  84  6:02  Adept, Sentry  
  91  6:11  Robotics Bay, Probe x3  
  90  6:14  Phoenix x2  
  92  6:23  Probe x3  
  92  6:25  Twilight Council  
  93  6:26  Pylon  
  93  6:32  Pylon  
  93  6:44  Immortal (Chrono Boost)  
  93  6:46  Forge  
  97  6:48  Pylon  
  97  6:49  Gateway  
  97  6:50  Nexus, Gateway  
  97  6:51  Gateway  
  97  6:52  Pylon  
  97  6:56  Pylon  
  97  7:01  Stalker x2  
  101  7:02  Charge (Chrono Boost)  
  101  7:06  Probe x3  
  104  7:08  Pylon  
  104  7:09  Dark Shrine  
  104  7:12  Phoenix, Protoss Ground Weapons Level 2 (Chrono Boost)  
  104  7:15  Protoss Shields Level 1 (Chrono Boost)  
  106  7:16  Photon Cannon  
  106  7:18  Probe x3  
  106  7:19  Shield Battery  
  106  7:20  Disruptor (Chrono Boost)  
  109  7:28  Gateway  
  109  7:29  Gateway  
  112  7:30  Probe x2  
  112  7:31  Pylon  
  112  7:33  Probe, Pylon  
  115  7:37  Assimilator  
  115  7:40  Phoenix  
  115  7:42  Probe, Assimilator  
  115  7:43  Zealot x2  
  122  7:48  Disruptor (Chrono Boost)  
  122  7:49  Probe  
  122  7:50  Probe  
  122  7:51  Gateway  
  124  7:56  Stalker x2  
  131  7:59  Pylon  
  131  8:13  Gateway  
  131  8:14  Gateway  
  131  8:16  Photon Cannon x2  
  131  8:18  Disruptor (Chrono Boost)  
  131  8:23  Photon Cannon  
  131  8:26  Dark Templar x2  
  138  8:30  Archon  
  138  8:33  Dark Templar x2, Blink  
  138  8:34  Dark Templar  
  144  8:39  Archon, Dark Templar  
  146  8:44  Photon Cannon  
  146  8:48  Archon  
  146  8:50  Phoenix  
  146  8:51  Warp Prism, Pylon  
  146  8:52  Photon Cannon  
  146  8:54  Pylon  
  148  9:00  Nexus  
  148  9:03  Pylon  
  148  9:04  Protoss Ground Armor Level 1 (Chrono Boost)  
  148  9:06  Dark Templar x2  
  152  9:10  Archon  
  152  9:22  Photon Cannon  
  149  9:24  Photon Cannon  
  149  9:25  Dark Templar x5  
  149  9:29  Archon x2, Photon Cannon  
  149  9:30  Protoss Ground Weapons Level 3 (Chrono Boost)  
  159  9:33  Dark Templar  
  161  9:40  Archon, Stalker  
  161  9:41  Stalker  
  161  9:56  Stalker  
  161  9:57  Stalker x3  
  161  9:58  Stalker x2  
  131  10:16  Probe x4  
  131  10:18  Templar Archives  
  135  10:23  Dark Templar  
  135  10:24  Dark Templar  
  135  10:25  Zealot x7  
  153  10:32  Archon  
  153  10:35  Observer (Chrono Boost)  
  154  10:40  Assimilator  
  152  10:43  Assimilator  
  152  10:49  Zealot x2, Gateway  
  152  10:52  Gateway  
  152  10:54  Gateway, Stalker  
  152  10:55  Stalker  
  146  11:00  Gateway  
  146  11:01  Gateway  
  146  11:03  Dark Templar x4  
  147  11:06  Pylon  
  147  11:09  Archon x2, Pylon  
  147  11:25  High Templar x4  
  147  11:26  Shield Battery  
  147  11:29  Archon x2, Photon Cannon  
  147  11:31  Photon Cannon x2  
  155  11:33  Photon Cannon x2  
  155  11:34  Zealot x2, Photon Cannon, Pylon  
  159  11:42  Protoss Shields Level 2 (Chrono Boost)  
  159  11:46  Zealot x3  
  159  11:47  Zealot x3  
  168  11:56  Zealot x5  
  176  12:11  Protoss Air Weapons Level 1 (Chrono Boost)  
  174  12:16  Zealot x8  
  174  12:17  Zealot  
  160  12:29  Observer  
  160  12:31  High Templar x4, Fleet Beacon  
  160  12:32  Zealot x9  
  160  12:33  Stargate  
  160  12:35  Archon x2, Stargate  
  184  12:42  Protoss Ground Armor Level 2 (Chrono Boost)  
  160  13:04  Nexus  
  146  13:05  Pylon  
  146  13:06  Stargate  
  146  13:07  Zealot x8  
  161  13:14  Stargate  
  167  13:21  Carrier (Chrono Boost), Psionic Storm  
  167  13:22  Carrier (Chrono Boost)  
  167  13:25  Carrier (Chrono Boost)  
  179  13:40  High Templar x2  
  179  13:43  Zealot x2  
  179  13:44  Zealot x3  
  189  13:50  Photon Cannon  
  195  13:59  Carrier (Chrono Boost)  
  198  14:04  Carrier (Chrono Boost)  
  196  14:24  Nexus  
  196  14:30  Carrier (Chrono Boost)  
  186  14:36  High Templar x2  
  190  14:40  Carrier (Chrono Boost)  
  190  14:41  High Templar  
  190  14:45  Pylon  
  192  14:49  Zealot x4  
  200  14:58  Oracle (Chrono Boost)  
  197  15:00  Observer  
  195  15:11  Protoss Ground Armor Level 3  
  195  15:14  Cybernetics Core  
  195  15:16  Protoss Air Weapons Level 2 (Chrono Boost)  
  195  15:21  Observer  
  195  15:26  Photon Cannon  
  195  15:27  Photon Cannon  
  188  15:29  Photon Cannon  
  188  15:30  Shield Battery  
  188  15:32  Shield Battery  
  188  15:49  Carrier (Chrono Boost)  
  188  15:57  Carrier (Chrono Boost)  
  188  15:59  Carrier (Chrono Boost)  
  191  16:07  Carrier (Chrono Boost)  
  191  16:10  Carrier (Chrono Boost)  
  189  16:18  Observer (Chrono Boost)  
  195  16:35  Warp Prism (Chrono Boost)  
  197  16:40  High Templar  
  197  16:43  Nexus  
  197  16:45  Protoss Air Armor Level 1 (Chrono Boost), Pylon  
  197  17:15  Protoss Shields Level 3 (Chrono Boost)  
  197  17:30  Protoss Air Weapons Level 3 (Chrono Boost)  
  193  17:43  Stalker x2  
  193  17:44  Stalker x3  
  173  18:01  Stalker x6  
  171  18:08  Zealot x7  
  171  18:12  Carrier x2 (Chrono Boost)  
  172  18:24  Probe  
  171  18:32  High Templar x4  
  173  18:36  Probe  
  174  18:46  High Templar  
  174  18:48  Probe  
  181  18:51  Void Ray (Chrono Boost)  
  173  19:13  Oracle  
  177  19:19  Zealot x11  
  177  19:20  Void Ray  
  177  19:21  Flux Vanes  
  177  19:22  Observer  
  198  20:28  Protoss Air Armor Level 2 (Chrono Boost)  
  192  20:40  High Templar x4  
  199  20:45  Archon x2, Oracle (Chrono Boost)  
  174  21:22  Void Ray x2 (Chrono Boost)  
  188  21:30  Void Ray x2 (Chrono Boost)  
  188  21:37  Zealot x6  
  191  22:15  Nexus  
  187  22:18  Observer  
  188  22:24  Zealot x6  
  188  22:28  Pylon  
  194  22:57  Void Ray x4  
  194  22:58  Void Ray  
  183  23:06  Stalker x7  
  183  23:10  Photon Cannon  
  183  23:11  Photon Cannon  
  183  23:12  Photon Cannon  
  192  23:22  Observer  
  157  23:44  Observer (Chrono Boost)  
  157  23:54  Zealot x6  
  157  23:55  Zealot x3  
  153  24:11  Stalker x3  
  153  24:15  Stalker  
  153  24:16  Zealot  
  159  24:23  Zealot, High Templar x2  
  165  24:26  Assimilator  
  165  24:27  Archon  
  143  24:47  Assimilator  
  129  24:56  Stalker x5  
Tags
 
Add a new tag
Caveats
  • Supply blocks, unpowered buildings, or Contaminate may cause inaccurate times.
  • Supply counts are checked every 10 seconds.